 Dungeon Crawl Stone Soup version 0.31-a0-1308-ga3cce3a448 (webtiles) character file.

Game seed: 14538222006683211937

830 jlumianski the Ruffian (level 7, -3/53 HPs)
             Began as a Gnoll Shapeshifter on Dec 20, 2023.
             Was a Follower of Wu Jian.
             Slain by an ogre
             ... wielding a +0 giant club
              (24 damage)
             ... on level 4 of the Dungeon.
             The game lasted 00:15:23 (3892 turns).

jlumianski the Ruffian (Gnoll Shapeshifter)         Turns: 3892, Time: 00:15:24

Health: -3/53      AC: 11    Str: 12 (14) XL:     7   Next: 97%
Magic:  3/3        EV:  4    Int: 12 (15) God:    Wu Jian [*.....]
Gold:   285        SH:  0    Dex: 14 (15) Spells: 11/11 levels left

rFire   . . .        i - +6 dagger "Zodujow" {antimagic, rC+}
rCold   + . .        (no shield)
rNeg    . . .        f - +0 plate armour
rPois   .            (helmet currently unavailable)
rElec   .            (cloak currently unavailable)
rCorr   .            (gloves currently unavailable)
SInv    .            (boots currently unavailable)
Will    .....        (no amulet) Stlth
                     v - +6 ring of intelligence
HPRegen 0.28/turn    (no ring)
MPRegen 0.08/turn

%: no passive effects
@: beast-form
A: beast (slay +4), fangs 1, strong nose, distributed training, antennae 1,
agile 1, subdued magic 1
a: Begin Untransformation, Renounce Religion


You were on level 4 of the Dungeon.
You worshipped Wu Jian.
Wu Jian was aware of your devotion.
You were a hulking beast.
You visited 2 branches of the dungeon, and saw 7 of its levels.
You also visited: Ossuary.

You collected 285 gold pieces.

Inventory:

Hand Weapons
 i - the +6 dagger "Zodujow" (weapon) {antimagic, rC+}
   (You found it on level 2 of the Dungeon)

   rC+:       It protects you from cold.
 r - a +2 dagger of electrocution
 K - a +2 short sword of venom
 L - a +2 dagger of venom
Missiles
 e - 8 javelins (quivered)
 o - a throwing net
 s - 4 boomerangs
 J - 8 poisoned darts
Armour
 a - a +0 animal skin
 f - a +0 plate armour (worn)
 h - a +0 scale mail
 w - a +0 cloak
 C - an orb of light
Magical Staves
 t - a staff of cold
Jewellery
 v - a +6 ring of intelligence (left hand)
Talismans
 c - a beast talisman
 d - a flux talisman
 p - a blade talisman
Scrolls
 l - a scroll of noise
 n - a scroll of poison {unknown}
 q - a scroll of revelation {unknown}
 u - a scroll of torment {unknown}
 x - a scroll of immolation {unknown}
 y - a scroll of teleportation
 z - a scroll of silence {unknown}
 B - 2 scrolls of blinking {unknown}
 G - a scroll of vulnerability
 H - a scroll of identify {unknown}
 I - a scroll of fog {unknown}
Potions
 b - a potion of lignification
 g - 3 potions of mutation
 j - a potion of resistance {unknown}
 k - a potion of attraction
 m - a potion of heal wounds {unknown}
 A - a potion of might
 D - 2 potions of curing
 E - 4 potions of degeneration
 F - a potion of cancellation


   Skills:
 + Level 3.9 Fighting
 + Level 2.9 Short Blades
 + Level 2.9 Long Blades
 + Level 2.9 Axes
 + Level 2.9 Maces & Flails
 + Level 2.9 Polearms
 + Level 2.9 Staves
 + Level 2.9 Ranged Weapons
 + Level 2.9 Throwing
 + Level 2.9 Armour
 + Level 5.4 Dodging
 + Level 2.9 Stealth
 + Level 2.9 Shields
 + Level 7.2 Unarmed Combat
 + Level 2.9 Spellcasting
 + Level 2.3 Conjurations
 + Level 2.3 Hexes
 + Level 2.3 Summonings
 + Level 2.3 Necromancy
 + Level 2.3 Translocations
 + Level 2.3 Transmutations
 + Level 2.3 Fire Magic
 + Level 2.3 Ice Magic
 + Level 2.3 Air Magic
 + Level 2.3 Earth Magic
 + Level 2.3 Poison Magic
 + Level 3.2 Invocations
 + Level 2.9 Evocations
 + Level 7.1 Shapeshifting


You had 11 spell levels left.
You didn't know any spells.
Your spell library contained the following spells:

 Spells                   Type           Power      Damage    Failure   Level
 Cigotuvi's Dreadful Rot  Necr/Pois/Air  10%        N/A       100%        2
 Animate Armour           Summ/Erth      10%        N/A       100%        4
 Dispel Undead            Necr           5%         3d7       100%        4
 Summon Lightning Spire   Summ/Air       5%         N/A       100%        4
 Lee's Rapid Deconstruct  Erth           2%         3d5*      100%        5
 Death Channel            Necr           2%         N/A       100%        6


Dungeon Overview and Level Annotations

Branches:
Dungeon (6/15)             Temple (1/1) D:4         Ossuary (visited)

Altars:
Ashenzari
Dithmenos
Elyvilon
Fedhas
Gozag
Hepliaklqana
Kikubaaqudgha
Makhleb
Nemelex Xobeh
Okawaru
Qazlal
Ru
Sif Muna
Trog
Uskayaw
Wu Jian
Xom
Yredelemnul
Zin
The Shining One


Innate Abilities, Weirdness & Mutations

You are a hulking beast.
Your limbs bulge with bestial killing power. (Slay +4)
You have very sharp teeth.
Your uncanny sense of smell can sniff out nearby items.
Your experience applies equally to all skills.
You have a pair of small antennae on your head.
You are agile. (Dex +4, Str/Int -1)
Your spells are a little easier to cast, but a little less powerful.


Message History

You kill the kobold brigand!
The Council accepts your kill.
You feel sick.
You feel sick.
J - 8 poisoned darts (gained 6)
You see here a +0 whip.
You feel sick.
You are no longer poisoned.
You see here a +0 whip.
There is a stone staircase leading up here.
You climb upwards.
Found a spear.
Found a stone staircase leading down.
There is a stone staircase leading down here.
There is a stone staircase leading down here.
You climb downwards.
There is a stone staircase leading up here.
You climb upwards.
There is a stone staircase leading down here.
HP restored.
You see here a +0 scale mail.
A goblin comes into view. It is wielding a +0 club.
The goblin shouts!
You hear a shout!
You lunge at the goblin.
You barely miss the goblin. The goblin hits you but does no damage.
You puncture the goblin!
You kill the goblin!
The Council accepts your kill.
You see here a +0 club.
An ogre comes into view. It is wielding a +0 giant club.
You lunge at the ogre, in a flurry of attacks.
You barely miss the ogre. You punch the ogre!
The ogre is moderately wounded.
You puncture the ogre!
The ogre is heavily wounded.
The ogre hits you with a +0 giant club!!
Ouch! That really hurt!
You hit the ogre. Your punch misses the ogre.
The ogre is severely wounded.
The ogre hits you with a +0 giant club!!
You die...

... #.# #.# #.#
#.# #.# #.# #.#
#.# #.# #.# #.#
#.# #.# #.# #.#
#####.# #.# #.#
#...#.# #O#
###.####.#....
#h###.............
#..)..############
####### # # # # #
#


You could see an ogre.

Vanquished Creatures
  An ice beast (D:5)
  A black bear (D:5)
  2 phantoms
  A kobold brigand (D:5)
  2 scorpions
  An iguana (D:5)
  9 mummies
  7 adders
  A shadow imp (D:5)
  A worm (D:2)
  A dart slug (D:4)
  An orc (D:5)
  An endoplasm (D:1)
  4 giant cockroaches
  6 goblins
  7 hobgoblins
  4 jackals (D:1)
  6 quokkas
  7 ball pythons
  6 bats
  4 frilled lizards
  A gnoll zombie (Ossuary)
  13 kobolds
  5 kobold zombies (Ossuary)
  2 orc zombies (Ossuary)
  7 rats
101 creatures vanquished.

Notes
Turn   | Place    | Note
-------+----------+-------------------------------------------
     0 | D:1      | jlumianski the Gnoll Shapeshifter began the quest for the
                  | Orb.
     0 | D:1      | Reached XP level 1. HP: 17/17 MP: 1/1
   119 | D:1      | Reached XP level 2. HP: 23/23 MP: 2/2
   426 | D:1      | Reached XP level 3. HP: 27/28 MP: 3/3
   481 | D:2      | Identified the +6 dagger "Zodujow" {antimagic, rC+}
   642 | D:1      | Reached skill level 1 in Invocations
   713 | D:2      | Reached skill level 1 in Short Blades
   713 | D:2      | Reached skill level 1 in Long Blades
   713 | D:2      | Reached skill level 1 in Axes
   713 | D:2      | Reached skill level 1 in Maces & Flails
   713 | D:2      | Reached skill level 1 in Polearms
   713 | D:2      | Reached skill level 1 in Staves
   713 | D:2      | Reached skill level 1 in Ranged Weapons
   713 | D:2      | Reached skill level 1 in Throwing
   713 | D:2      | Reached skill level 1 in Armour
   713 | D:2      | Reached skill level 1 in Stealth
   713 | D:2      | Reached skill level 1 in Shields
   713 | D:2      | Reached skill level 1 in Spellcasting
   713 | D:2      | Reached skill level 1 in Evocations
   722 | D:2      | Reached XP level 4. HP: 34/34 MP: 1/5
   734 | D:2      | Gained mutation: Your spells are a little easier to cast,
                  | but a little less powerful. [potion of mutation]
   734 | D:2      | Gained mutation: You have a pair of small antennae on your
                  | head. [potion of mutation]
   734 | D:2      | Gained mutation: You are agile. (Dex +4, Str/Int -1)
                  | [potion of mutation]
   791 | D:2      | Found a blossoming altar of Fedhas.
  2012 | D:4      | Reached skill level 1 in Conjurations
  2012 | D:4      | Reached skill level 1 in Hexes
  2012 | D:4      | Reached skill level 1 in Summonings
  2012 | D:4      | Reached skill level 1 in Necromancy
  2012 | D:4      | Reached skill level 1 in Translocations
  2012 | D:4      | Reached skill level 1 in Transmutations
  2012 | D:4      | Reached skill level 1 in Fire Magic
  2012 | D:4      | Reached skill level 1 in Ice Magic
  2012 | D:4      | Reached skill level 1 in Air Magic
  2012 | D:4      | Reached skill level 1 in Earth Magic
  2012 | D:4      | Reached skill level 1 in Poison Magic
  2177 | D:3      | Found a shimmering altar of Xom.
  2440 | D:4      | Found a staircase to the Ecumenical Temple.
  2463 | Temple   | Entered the Ecumenical Temple
  2486 | Temple   | Became a worshipper of the Wu Jian Council
  2803 | D:4      | Noticed a phantom
  2811 | D:4      | Killed a phantom
  2812 | D:4      | Reached XP level 5. HP: 41/41 MP: 1/7
  2816 | D:5      | Entered Level 5 of the Dungeon
  2861 | D:5      | Reached XP level 6. HP: 43/47 MP: 2/8
  2924 | D:5      | Noticed a black bear
  2931 | D:5      | Killed a black bear
  2932 | D:5      | Reached skill level 5 in Dodging
  2985 | D:5      | Noticed an ice beast
  2999 | D:5      | Killed an ice beast
  3000 | D:5      | Reached XP level 7. HP: 22/52 MP: 3/10
  3015 | D:5      | Found a sand-covered staircase.
  3024 | Ossuary  | Entered an ossuary
  3210 | Ossuary  | Reached * piety under Wu Jian
  3892 | D:4      | Slain by an ogre

Illustrated notes

Levels and vault maps discovered:
D:1:      zelgadis_glass_arrival_small, layout_loops_corners
D:2:      layout_basic, basic_altar
D:3:      layout_basic, mainiacjoe_overflow_small_starburst,
          minmay_misc_feat_room, hex_intersection
D:4:      layout_loops_ring, temple_green
D:5:      layout_basic, gup_ossuary_entry_pyramid
D:6:      layout_basic, hellmonk_ghost_happy_afterlife, guppyfry_shop_venom
Temple:   mainiacjoe_temple_coin_purse

Skill      XL: |  1  2  3  4  5  6  7 |
---------------+----------------------+-----
Invocations    | 1 2 3 |  3.2
Short Blades   | 1 2 |  2.9
Long Blades    | 1 2 |  2.9
Axes           | 1 2 |  2.9
Maces & Flails | 1 2 |  2.9
Polearms       | 1 2 |  2.9
Staves         | 1 2 |  2.9
Ranged Weapons | 1 2 |  2.9
Throwing       | 1 2 |  2.9
Armour         | 1 2 |  2.9
Stealth        | 1 2 |  2.9
Shields        | 1 2 |  2.9
Spellcasting   | 1 2 |  2.9
Evocations     | 1 2 |  2.9
Conjurations   | 1 2 |  2.3
Hexes          | 1 2 |  2.3
Summonings     | 1 2 |  2.3
Necromancy     | 1 2 |  2.3
Translocations | 1 2 |  2.3
Transmutations | 1 2 |  2.3
Fire Magic     | 1 2 |  2.3
Ice Magic      | 1 2 |  2.3
Air Magic      | 1 2 |  2.3
Earth Magic    | 1 2 |  2.3
Poison Magic   | 1 2 |  2.3
Fighting       | 3 |  3.9
Dodging        | 5 |  5.4
Unarmed Combat | 7 |  7.2
Shapeshifting  | 7 |  7.1

Action                     |  1- 3 |  4- 6 |  7- 9 || total
---------------------------+-------+-------+-------++-------
  Melee: Unarmed           |    50 |       |       ||    50
         Bite              |     7 |     5 |    13 ||    25
         Punch             |     3 |     3 |     5 ||    11
         Dagger            |    24 |    74 |    93 ||   191
  Throw: Javelin           |       |     1 |     1 ||     2
Ability: Lunge             |       |     2 |    22 ||    24
    Use: Potion            |       |     1 |     5 ||     6
         Scroll            |       |     1 |     2 ||     3
 Armour: Animal skin       |     3 |       |       ||     3
         Plate armour      |    42 |    52 |    44 ||   138
  Dodge: Dodged            |    24 |    14 |     7 ||    45

Table legend: (Time is in decaauts)
 A = Elapsed time spent in this place.
 B = Non-inter-level travel time spent in this place.
 C = Inter-level travel time spent in this place.
 D = Time resting spent in this place.
 E = Time spent auto-exploring this place.
 F = Levels seen in this place.
 G = Mean time per level.
                   A        B        C        D        E       F      G
               +--------+--------+--------+--------+--------+-----+--------+
         Total |   3876 |   3785 |     91 |     74 |   2062 |   8 |  484.5 |
       Dungeon |   3552 |   3461 |     91 |     52 |   2062 |   6 |  592.0 |
        Temple |     36 |     36 |      0 |      0 |      0 |   1 |   36.0 |
       Ossuary |    287 |    287 |      0 |     22 |      0 |   1 |  287.0 |
               +--------+--------+--------+--------+--------+-----+--------+

Top non-repeatable levels by time:
     D:1: 939 daAuts
     D:3: 832 daAuts
     D:2: 725 daAuts
     D:5: 645 daAuts
     D:4: 380 daAuts
 Ossuary: 287 daAuts
  Temple: 36 daAuts
     D:6: 28 daAuts
